 Dungeon Crawl Stone Soup version 0.28.0-43-g3370ac3207 (webtiles) character file.

Game seed: 335729622252744885

22375 Ablot the Thaumaturge (level 12, -5/95 HPs)
             Began as a Gnoll Warper on Mar 27, 2022.
             Was an Elder of the Shining One.
             Slain by a troll simulacrum (18 damage)
             ... animated by a necromancer
             ... on level 13 of the Dungeon.
             The game lasted 00:35:47 (14988 turns).

Ablot the Thaumaturge (Gnoll Warper)               Turns: 14988, Time: 00:35:48

Health: -5/95      AC: 13    Str: 17    XL:     12   Next: 99%
Magic:  25/25      EV: 15    Int: 18    God:    the Shining One [****..]
Gold:   553        SH:  9    Dex: 13    Spells: 14/29 levels left

rFire   + + .      SeeInvis +   a - +7 spear of the Illusory Places {freeze, rF++ Stlth+}
rCold   . . .      Faith    +   V - +3 buckler {AC+3}
rNeg    + + .      Spirit   .   S - +2 leather armour of the Shoals {Regen+ Str+2 SInv}
rPois   +          Reflect  .   n - +0 helmet
rElec   .          Harm     .   (no cloak)
rCorr   .          Rampage  .   k - +0 pair of gloves
Will    .....                   J - +0 pair of boots
Stlth   ++........              W - amulet of faith
HPRegen 1.05/turn               m - ring of poison resistance
MPRegen 0.19/turn               Z - +6 ring of intelligence

@: glowing
A: fangs 1, strong nose, distributed training
a: Renounce Religion, Divine Shield, Cleansing Flame


You were on level 13 of the Dungeon.
You worshipped the Shining One.
The Shining One was greatly pleased with you.
You visited 2 branches of the dungeon, and saw 14 of its levels.

You collected 1082 gold pieces.
You spent 529 gold pieces at shops.

Inventory:

Hand Weapons
 a - the +7 spear of the Illusory Places (weapon) {freeze, rF++ Stlth+}
   (You found it on level 3 of the Dungeon)

   It freezes those it strikes, dealing additional cold damage.
   It can also slow down cold-blooded creatures.
   rF:        It greatly protects you from fire.
   Stlth:     It makes you more stealthy.
 b - a +1 broad axe of flaming
 i - the +6 hand crossbow of Dominance {flame, rN+ Dex+3}
   (You found it on level 9 of the Dungeon)

   Any ammunition fired from it burns those it strikes, dealing additional fire
   damage.
   Dex:       It affects your dexterity (+3).
   rN:        It protects you from negative energy.
Missiles
 d - 6 boomerangs of dispersal
 f - 388 stones
 h - 51 poisoned darts
 x - 139 bolts
 y - 188 arrows
 C - 15 boomerangs (quivered)
 F - 2 throwing nets
 Q - 2 curare-tipped darts
Armour
 k - a +0 pair of gloves (worn)
 n - a +0 helmet (worn)
 J - a +0 pair of boots (worn)
 S - the +2 leather armour of the Shoals (worn) {Regen+ Str+2 SInv}
   (You found it on level 11 of the Dungeon)

   Str:       It affects your strength (+2).
   SInv:      It lets you see invisible.
   Regen:     It increases your rate of health regeneration.
 V - a +3 buckler of protection (worn)
Jewellery
 m - a ring of poison resistance (left hand)
 R - a ring of resist corrosion
 W - an amulet of faith (around neck)
 X - a ring of flight
 Z - a +6 ring of intelligence (right hand)
Wands
 A - a wand of acid (3)
 G - a wand of flame (39)
 M - a wand of iceblast (15)
Scrolls
 c - 3 scrolls of blinking
 j - 5 scrolls of immolation {unknown}
 l - 4 scrolls of fear
 p - 2 scrolls of amnesia {unknown}
 q - a scroll of teleportation
 r - 8 scrolls of fog
 t - 3 scrolls of enchant weapon {unknown}
 v - 3 scrolls of silence {unknown}
 z - a scroll of vulnerability {unknown}
 D - a scroll of brand weapon {unknown}
 E - 4 scrolls of magic mapping
 H - 3 scrolls of enchant armour
 O - a scroll of acquirement {unknown}
 U - 2 scrolls of torment {unknown}
Potions
 e - 2 potions of mutation
 g - a potion of berserk rage
 o - a potion of invisibility
 s - 2 potions of brilliance
 u - 3 potions of might
 B - a potion of resistance
 I - 3 potions of haste
 K - 5 potions of heal wounds
 L - a potion of cancellation {unknown}
 N - 2 potions of magic
 P - 2 potions of attraction
 T - 3 potions of curing
 Y - a potion of lignification {unknown}


   Skills:
 + Level 9.1 Fighting
 + Level 7.8 Short Blades
 + Level 7.8 Long Blades
 + Level 7.8 Axes
 + Level 7.8 Maces & Flails
 + Level 9.1 Polearms
 + Level 7.8 Staves
 + Level 7.8 Slings
 + Level 7.8 Bows
 + Level 7.8 Crossbows
 + Level 8.3 Throwing
 + Level 8.3 Armour
 + Level 9.1 Dodging
 + Level 7.8 Stealth
 + Level 7.8 Shields
 + Level 7.8 Unarmed Combat
 + Level 9.3 Spellcasting
 + Level 6.5 Conjurations
 + Level 6.5 Hexes
 + Level 6.5 Summonings
 + Level 6.5 Necromancy
 + Level 8.6 Translocations
 + Level 6.5 Transmutations
 + Level 6.5 Fire Magic
 + Level 6.5 Ice Magic
 + Level 6.5 Air Magic
 + Level 6.5 Earth Magic
 + Level 6.5 Poison Magic
 + Level 8.5 Invocations
 + Level 7.8 Evocations


You had 14 spell levels left.
You knew the following spells:

 Your Spells              Type           Power      Damage    Failure   Level
a - Blink                 Tloc           78%        N/A       1%          2
b - Sting                 Tmut/Pois      100%       1d8       1%          1
c - Poisonous Vapours     Pois/Air       62%        N/A       1%          2
d - Passwall              Tmut/Erth      25%        N/A       1%          2
e - Ensorcelled Hibernat  Hex/Ice        62%        N/A       1%          2
f - Frozen Ramparts       Ice            62%        1d8       2%          3
g - Mephitic Cloud        Conj/Pois/Air  31%        N/A       2%          3

Your spell library contained the following spells:

 Spells                   Type           Power      Damage    Failure   Level
 Animate Skeleton         Necr           62%        N/A       1%          1
 Magic Dart               Conj           100%       1d8       1%          1
 Pain                     Necr           100%       1d9       1%          1
 Call Imp                 Summ           31%        N/A       1%          2
 Static Discharge         Conj/Air       31%        N/A       1%          2
 Gell's Gravitas          Tloc           39%        N/A       1%          3
 Lesser Beckoning         Tloc           39%        N/A       1%          3
 Portal Projectile        Hex/Tloc       70%        N/A       1%          3
 Teleport Other           Tloc           39%        N/A       1%          3
 Swiftness                Air            31%        N/A       2%          3
 Vampiric Draining        Necr           31%        2d8       2%          3
 Dispel Undead            Necr           31%        3d14      9%          4
 Ice Form                 Ice/Tmut       31%        N/A       9%          4
 Olgreb's Toxic Radiance  Pois           31%        N/A       9%          4
 Sticky Flame             Conj/Fire      31%        2d5       9%          4
 Summon Ice Beast         Ice/Summ       31%        N/A       9%          4
 Manifold Assault         Tloc           39%        N/A       10%         5
 Blade Hands              Tmut           15%        N/A       24%         5
 Excruciating Wounds      Necr           15%        N/A       24%         5
 Lightning Bolt           Conj/Air       15%        1d29      24%         5
 Maxwell's Capacitive Co  Air            15%        ∞         100%        8


Dungeon Overview and Level Annotations

Branches:
Dungeon (13/15)            Temple (1/1) D:6            Lair (0/6) D:10
    Orc (0/2) D:10
 Vaults: D:13-14

Altars:
Ashenzari
Cheibriados
Dithmenos
Elyvilon
Fedhas
Gozag
Hepliaklqana
Kikubaaqudgha
Makhleb
Nemelex Xobeh
Okawaru
Qazlal
Ru
Sif Muna
Trog
Uskayaw
Vehumet
Wu Jian
Xom
Yredelemnul
Zin
The Shining One

Shops:
D:8 !:[*   D:9 !((?


Innate Abilities, Weirdness & Mutations

You have very sharp teeth.
Your uncanny sense of smell can sniff out nearby items.
Your experience applies equally to all skills.


Message History

The troll claws you but does no damage.
You hit the troll simulacrum.
The troll simulacrum is heavily damaged.
You block the troll's attack. The troll misses you.
You block the troll's attack. The troll simulacrum misses you.
You block the troll simulacrum's attack.
The troll simulacrum claws you but does no damage.
You hit the troll simulacrum. You bite the troll simulacrum.
The troll simulacrum is severely damaged.
You hit the troll simulacrum.
The troll simulacrum vaporises!
You block the troll's attack. The troll barely misses you.
The troll claws you but does no damage.
You puncture the troll! You freeze the troll.
You bite the troll, but do no damage.
The troll is almost dead.
You block the troll's attack. x2; The troll misses you.
You puncture the troll! You freeze the troll.
You kill the troll!
A freezing mist starts to gather...
You puncture the troll simulacrum!
The troll simulacrum is moderately damaged.
You hit the troll simulacrum but do no damage.
The troll simulacrum is moderately damaged.
The troll simulacrum bites you. The troll simulacrum freezes you!
* * * LOW HITPOINT WARNING * * *
The troll simulacrum misses you.
The troll simulacrum closely misses you.
The necromancer gestures wildly while chanting.
The necromancer binds the souls of nearby monsters.
A troll simulacrum comes into view.
You hit the troll simulacrum.
The troll simulacrum is heavily damaged.
You puncture the troll simulacrum!
The troll simulacrum is almost destroyed.
You block the troll simulacrum's attack.
The troll simulacrum claws you.
* * * LOW HITPOINT WARNING * * *
The troll simulacrum freezes you!!
You die...

#...........#....#
#...........#....#
#...........#....#
#......<.........#
#...........#....#
............#....#
............#....#
............#....#
............#@...#
.....#####.ZZ#####
..... #..p# #/..
#... +... #...
#...


You could see a necromancer and 2 troll simulacra.

Vanquished Creatures
  Nessos (D:12)
  Harold (D:8)
  5 hydras
  A boulder beetle (D:12)
  4 two-headed ogres
  A deep elf pyromancer (D:12)
  An oklob plant (D:10)
  An ugly thing (D:12)
  A cyclops (D:12)
  A gargoyle (D:12)
  Maggie (D:6)
  The ghost of ciphuk the Stinger, a novice GnVM (D:6)
  A kobold demonologist (D:9)
  A tengu conjurer (D:9)
  4 trolls
  A slime creature (D:9)
  4 yaks (D:12)
  3 wyverns
  4 wraiths
  A steam dragon (D:9)
  6 humans (D:6)
  3 vampire mosquitoes (D:12)
  4 wargs (D:12)
  2 acid dragons
  4 water moccasins
  Duvessa (D:6)
  An ice beast (D:8)
  10 orc warriors
  2 sky beasts
  2 ogres
  A necrophage (D:3)
  5 phantoms
  10 centaurs
  3 kobold brigands
  A bullfrog (D:7)
  2 gnoll sergeants (D:7)
  2 scorpions
  Dowan (D:6)
  24 killer bees
  8 howler monkeys
  15 wights
  4 centaur zombies
  A quasit (D:4)
  5 hounds
  2 orc priests
  A centaur skeleton (D:7)
  A gnoll shaman (D:7)
  A jelly (D:8)
  2 iguanas
  A scorpion zombie (D:5)
  11 orc wizards
  A hound zombie (D:5)
  A hound skeleton (D:4)
  Robin (D:4)
  A howler monkey zombie (D:5)
  8 adders
  10 gnolls
  2 shadow imps
  A white imp (D:7)
  2 ufetubi (D:5)
  An adder skeleton (D:4)
  4 worms
  2 dart slugs
  48 orcs
  5 endoplasms
  3 giant cockroaches
  14 goblins
  17 hobgoblins
  2 jackals (D:4)
  5 quokkas
  2 ball pythons (D:4)
  3 bats
  4 frilled lizards
  A goblin skeleton (D:5)
  2 goblin zombies
  3 hobgoblin zombies (D:5)
  17 kobolds
  A kobold skeleton (D:5)
  2 kobold zombies (D:5)
  An orc skeleton (D:5)
  An orc zombie (D:5)
  A quokka zombie (D:7)
  6 rats
  A spectral orc (D:10)
347 creatures vanquished.

Vanquished Creatures (others)
  A hobgoblin (D:4)
  19 plants
20 creatures vanquished.

Grand Total: 367 creatures vanquished

Notes
Turn   | Place    | Note
-------+----------+-------------------------------------------
     0 | D:1      | Ablot the Gnoll Warper began the quest for the Orb.
     0 | D:1      | Reached XP level 1. HP: 20/20 MP: 6/6
   238 | D:1      | Reached XP level 2. HP: 26/26 MP: 7/7
   241 | D:1      | Learned a level 2 spell: Blink
   897 | D:2      | Reached XP level 3. HP: 31/31 MP: 9/9
   946 | D:2      | Reached skill level 5 in Spellcasting
   981 | D:2      | Reached skill level 1 in Invocations
  1342 | D:2      | Reached skill level 1 in Short Blades
  1342 | D:2      | Reached skill level 1 in Long Blades
  1342 | D:2      | Reached skill level 1 in Axes
  1342 | D:2      | Reached skill level 1 in Maces & Flails
  1342 | D:2      | Reached skill level 1 in Staves
  1342 | D:2      | Reached skill level 1 in Slings
  1342 | D:2      | Reached skill level 1 in Bows
  1342 | D:2      | Reached skill level 1 in Crossbows
  1342 | D:2      | Reached skill level 1 in Stealth
  1342 | D:2      | Reached skill level 1 in Shields
  1342 | D:2      | Reached skill level 1 in Unarmed Combat
  1342 | D:2      | Reached skill level 1 in Evocations
  1878 | D:3      | Identified the +7 spear of the Illusory Places {freeze,
                  | rF++ Stlth+}
  1889 | D:3      | Reached XP level 4. HP: 38/38 MP: 11/11
  2207 | D:3      | Reached skill level 1 in Conjurations
  2207 | D:3      | Reached skill level 1 in Hexes
  2207 | D:3      | Reached skill level 1 in Summonings
  2207 | D:3      | Reached skill level 1 in Necromancy
  2207 | D:3      | Reached skill level 1 in Transmutations
  2207 | D:3      | Reached skill level 1 in Fire Magic
  2207 | D:3      | Reached skill level 1 in Ice Magic
  2207 | D:3      | Reached skill level 1 in Air Magic
  2207 | D:3      | Reached skill level 1 in Earth Magic
  2207 | D:3      | Reached skill level 1 in Poison Magic
  2664 | D:4      | Noticed a necrophage
  2674 | D:3      | Killed a necrophage
  2675 | D:3      | Reached XP level 5. HP: 43/43 MP: 12/12
  2819 | D:4      | Noticed Robin
  2825 | D:4      | Noticed a centaur
  2961 | D:4      | Killed a centaur
  2962 | D:4      | Reached XP level 6. HP: 43/50 MP: 14/14
  2964 | D:4      | Killed Robin
  3066 | D:4      | Reached skill level 5 in Fighting
  3066 | D:4      | Reached skill level 5 in Polearms
  3066 | D:4      | Reached skill level 5 in Dodging
  3185 | D:4      | Found a burning altar of Makhleb.
  3186 | D:4      | Found a blossoming altar of Fedhas.
  3306 | D:4      | Reached XP level 7. HP: 56/56 MP: 15/15
  4005 | D:5      | Entered Level 5 of the Dungeon
  4006 | D:5      | Found a glowing golden altar of the Shining One.
  4103 | D:5      | Became a worshipper of the Shining One
  4151 | D:5      | You fall into a shaft and drop 2 floors!
  4151 | D:7      | Found a white marble altar of Elyvilon.
  4200 | D:7      | Noticed a wraith
  4222 | D:7      | Killed a wraith
  4223 | D:7      | Reached XP level 8. HP: 12/63 MP: 16/16
  4726 | D:5      | Reached * piety under the Shining One
  4729 | D:5      | Learned a level 1 spell: Sting
  4732 | D:5      | Learned a level 2 spell: Poisonous Vapours
  6014 | D:6      | Found a sacrificial altar of Ru.
  6034 | D:6      | Noticed Maggie
  6050 | D:6      | Killed Maggie
  6051 | D:6      | Reached XP level 9. HP: 43/69 MP: 18/18
  6234 | D:6      | Reached skill level 5 in Throwing
  6234 | D:6      | Reached skill level 5 in Armour
  6275 | D:6      | Reached skill level 5 in Invocations
  6672 | D:6      | Found a runed translucent door.
  6674 | D:6      | Noticed ciphuk's ghost (novice GnVM)
  6870 | D:6      | Noticed Dowan
  6871 | D:6      | Found a staircase to the Ecumenical Temple.
  6874 | D:6      | Noticed Duvessa
  6886 | D:6      | Killed Duvessa
  6887 | D:6      | Killed Dowan
  6901 | Temple   | Entered the Ecumenical Temple
  7264 | D:6      | Killed ciphuk's ghost
  7265 | D:6      | Reached XP level 10. HP: 66/77 MP: 20/20
  7387 | D:7      | Reached ** piety under the Shining One
  7416 | D:7      | Reached skill level 5 in Short Blades
  7416 | D:7      | Reached skill level 5 in Long Blades
  7416 | D:7      | Reached skill level 5 in Axes
  7416 | D:7      | Reached skill level 5 in Maces & Flails
  7416 | D:7      | Reached skill level 5 in Staves
  7416 | D:7      | Reached skill level 5 in Slings
  7416 | D:7      | Reached skill level 5 in Bows
  7416 | D:7      | Reached skill level 5 in Crossbows
  7416 | D:7      | Reached skill level 5 in Stealth
  7416 | D:7      | Reached skill level 5 in Shields
  7416 | D:7      | Reached skill level 5 in Unarmed Combat
  7416 | D:7      | Reached skill level 5 in Evocations
  7733 | D:7      | Found a hide-covered altar of Uskayaw.
  8023 | D:7      | Learned a level 2 spell: Passwall
  8642 | D:8      | Found Baulyt's Book Emporium.
  8642 | D:8      | Found Beal's Distillery.
  8652 | D:8      | Bought a potion of curing for 48 gold pieces
  8710 | D:8      | Found Verr's Armour Shoppe.
  8717 | D:8      | Bought a +1 buckler of protection for 264 gold pieces
  8852 | D:8      | Reached *** piety under the Shining One
  9079 | D:8      | Found Falety's General Store.
  9478 | D:9      | Noticed Harold
  9497 | D:8      | Killed Harold
  9498 | D:8      | Reached XP level 11. HP: 74/84 MP: 22/22
  9699 | D:9      | Reached skill level 5 in Conjurations
  9699 | D:9      | Reached skill level 5 in Hexes
  9699 | D:9      | Reached skill level 5 in Summonings
  9699 | D:9      | Reached skill level 5 in Necromancy
  9699 | D:9      | Reached skill level 5 in Transmutations
  9699 | D:9      | Reached skill level 5 in Fire Magic
  9699 | D:9      | Reached skill level 5 in Ice Magic
  9699 | D:9      | Reached skill level 5 in Air Magic
  9699 | D:9      | Reached skill level 5 in Earth Magic
  9699 | D:9      | Reached skill level 5 in Poison Magic
  9799 | D:9      | Found Rorghil's Weapon Shoppe.
  9859 | D:9      | Found Riur's Magic Scroll Shop.
  9867 | D:9      | Bought a scroll of noise for 14 gold pieces
  9867 | D:9      | Bought a scroll of magic mapping for 49 gold pieces
  9867 | D:9      | Bought a scroll of fear for 49 gold pieces
  9867 | D:9      | Bought a scroll of enchant armour for 105 gold pieces
  9974 | D:9      | Reached **** piety under the Shining One
 10006 | D:9      | Noticed a two-headed ogre
 10014 | D:9      | Killed a two-headed ogre
 10342 | D:9      | Identified the +6 hand crossbow of Dominance {flame, rN+
                  | Dex+3}
 10431 | D:9      | Found Jiwnoler's Distillery.
 10459 | D:9      | Found an ancient bone altar of Kikubaaqudgha.
 10531 | D:9      | Found Disinwun's Antique Weapon Shoppe.
 10693 | D:10     | Entered Level 10 of the Dungeon
 10729 | D:10     | Found a basalt altar of Yredelemnul.
 10812 | D:10     | Noticed an oklob plant
 11066 | D:10     | Found a staircase to the Orcish Mines.
 11150 | D:10     | Learned a level 2 spell: Ensorcelled Hibernation
 11154 | D:10     | Learned a level 3 spell: Frozen Ramparts
 11255 | D:10     | Found a staircase to the Lair.
 11291 | D:10     | Found a sparkling altar of Nemelex Xobeh.
 11444 | D:10     | Noticed a seven-headed hydra
 11453 | D:10     | Killed a seven-headed hydra
 12620 | D:10     | Killed an oklob plant
 12680 | D:11     | Noticed a two-headed ogre
 12690 | D:11     | Killed a two-headed ogre
 12692 | D:11     | Identified the +2 leather armour of the Shoals {Regen+
                  | Str+2 SInv}
 12874 | D:11     | Reached XP level 12. HP: 67/94 MP: 24/24
 12929 | D:11     | Learned a level 3 spell: Mephitic Cloud
 13544 | D:12     | Noticed a seven-headed hydra
 13554 | D:12     | Killed a seven-headed hydra
 13718 | D:12     | Noticed Nessos
 13758 | D:12     | Killed Nessos
 13835 | D:12     | Noticed a five-headed hydra
 13947 | D:12     | Noticed a boulder beetle
 14001 | D:12     | Killed a boulder beetle
 14155 | D:12     | Killed a five-headed hydra
 14234 | D:12     | Noticed a two-headed ogre
 14241 | D:12     | Killed a two-headed ogre
 14342 | D:12     | Noticed a two-headed ogre
 14358 | D:12     | Killed a two-headed ogre
 14559 | D:12     | Noticed a six-headed hydra
 14574 | D:12     | Killed a six-headed hydra
 14605 | D:12     | Noticed an eight-headed hydra
 14611 | D:12     | Killed an eight-headed hydra
 14988 | D:13     | Slain by a troll simulacrum

Illustrated notes

Levels and vault maps discovered:
D:1:      tarquinn_simple_flora_water_a, layout_loops_ring,
          hangedman_decor_diamond_cutter
D:2:      layout_basic, minmay_joined_circles
D:3:      minmay_inner_zag, layout_loops_ring, kennysheep_potato
D:4:      layout_gridville, nicolae_overflow_squiral, st_stairs_3, uniq_robin
D:5:      layout_basic, nicolae_tso_besieged_by_evil, lemuel_flamethrower_2
D:6:      layout_cave_pods, mainiacjoe_overflow_boulevard,
          minmay_temple_entry_junction, ebering_ghost_reflecting_pool,
          hangedman_decor_growths, minmay_ruffians, uniq_duvessa, uniq_maggie
D:7:      kennysheep_housing_project, layout_basic, nicolae_uskayaw_dance_hall,
          elyvilon_altar_4, enter_ossuary_4, enter_bailey_6
D:8:      lemuel_ice_spiral_2, layout_basic, serial_shops, shop, shop, shop,
          nicolae_shop_hallway_plus
D:9:      minmay_slanted_spiral_squares, layout_basic,
          nicolae_overflow_crystal_walls, serial_shops, shop, kennysheep_mini,
          shop, nicolae_shop_bloodbath_and_beyond, uniq_harold
D:10:     layout_basic, mainiacjoe_overflow_catwalk,
          yredelemnul_forgotten_temple_becter, dpeg_oklobed_lair,
          hiddenorc1_lemuel, serial_glass, glass_columns_b, glass_columns_a
D:11:     layout_layer_cave
D:12:     layout_stronghold, nooodl_orcs_dogs, uniq_nessos
D:13:     layout_grid_maze, david_vaults_1, uniq_maurice, uniq_jorgrun
Temple:   dshaligram_water_room_temple

Skill      XL: |  1  2  3  4  5  6  7  8  9 10 11 12 |
---------------+-------------------------------------+-----
Spellcasting   | 5 6 7 8 9 |  9.3
Invocations    | 1 2 3 4 5 6 7 8 |  8.5
Short Blades   | 1 2 4 5 6 7 |  7.8
Long Blades    | 1 2 4 5 6 7 |  7.8
Axes           | 1 2 4 5 6 7 |  7.8
Maces & Flails | 1 2 4 5 6 7 |  7.8
Staves         | 1 2 4 5 6 7 |  7.8
Slings         | 1 2 4 5 6 7 |  7.8
Bows           | 1 2 4 5 6 7 |  7.8
Crossbows      | 1 2 4 5 6 7 |  7.8
Stealth        | 1 2 4 5 6 7 |  7.8
Shields        | 1 2 4 5 6 7 |  7.8
Unarmed Combat | 1 2 4 5 6 7 |  7.8
Evocations     | 1 2 4 5 6 7 |  7.8
Conjurations   | 1 2 3 4 5 6 |  6.5
Hexes          | 1 2 3 4 5 6 |  6.5
Summonings     | 1 2 3 4 5 6 |  6.5
Necromancy     | 1 2 3 4 5 6 |  6.5
Transmutations | 1 2 3 4 5 6 |  6.5
Fire Magic     | 1 2 3 4 5 6 |  6.5
Ice Magic      | 1 2 3 4 5 6 |  6.5
Air Magic      | 1 2 3 4 5 6 |  6.5
Earth Magic    | 1 2 3 4 5 6 |  6.5
Poison Magic   | 1 2 3 4 5 6 |  6.5
Throwing       | 3 4 5 6 7 8 |  8.3
Armour         | 3 4 5 6 7 8 |  8.3
Fighting       | 5 6 7 8 9 |  9.1
Polearms       | 5 6 7 8 9 |  9.1
Dodging        | 5 6 7 8 9 |  9.1
Translocations | 6 7 8 |  8.6

Action                   |  1- 3 |  4- 6 |  7- 9 | 10-12 || total
-------------------------+-------+-------+-------+-------++-------
Melee: Spear             |   129 |    97 |   258 |   966 ||  1450
       Punch             |     2 |       |    17 |     9 ||    28
       Bite              |     7 |     7 |    36 |   132 ||   182
Throw: Dart              |       |       |     7 |     8 ||    15
       Boomerang         |       |       |       |     3 ||     3
 Cast: Sting             |       |       |     1 |       ||     1
       Blink             |       |       |       |     1 ||     1
       Frozen Ramparts   |       |       |       |     4 ||     4
       Mephitic Cloud    |       |       |       |     2 ||     2
Invok: Divine Shield     |       |       |       |     2 ||     2
Evoke: Wand              |       |       |       |     1 ||     1
  Use: Scroll            |       |       |       |    14 ||    14
 Stab: Sleeping          |       |     9 |     1 |       ||    10
Armor: Leather armour    |    19 |    19 |    30 |    72 ||   140
       Acid dragon scale |       |       |    18 |   129 ||   147
Dodge: Dodged            |    37 |    53 |   157 |   449 ||   696
Block: Buckler           |       |       |       |   257 ||   257
